 Dungeon Crawl Stone Soup version 0.31-a0-167-g1c394c0614 (webtiles) character file.

Game seed: 2034398506433087730

476 qw the Shooter (level 7, -2/44 HPs)
             Began as a Gargoyle Hunter on June 14, 2023.
             Killed from afar by a steam dragon (23 damage)
             ... with a ball of steam
             ... on level 6 of the Dungeon.
             The game lasted 00:01:18 (3424 turns).

qw the Shooter (Gargoyle Hunter)                    Turns: 3424, Time: 00:01:19

Health: -2/44      AC: 10    Str: 15    XL:     7   Next: 10%
Magic:  7/7        EV: 11    Int:  9    God:
Gold:   246        SH:  0    Dex: 15    Spells: 6/6 levels left

rFire   . . .        Y - +1 shortbow
rCold   + . .        (shield currently unavailable)
rNeg    + . .        j - +0 ring mail
rPois   inf          (no helmet)
rElec   +            (no cloak)
rCorr   .            (no gloves)
SInv    .            (no boots)
Will    .....        (no amulet)
Stlth   +            g - ring of protection from cold
HPRegen 0.27/turn    (no ring)
MPRegen 0.10/turn

%: no passive effects
@: no status effects
A: sickness immunity, AC +4, negative energy resistance 1, electricity
resistance, torment resistance 1, petrification resistance
a: no special abilities


You were on level 6 of the Dungeon.
You visited 1 branch of the dungeon, and saw 5 of its levels.

You collected 246 gold pieces.


Innate Abilities, Weirdness & Mutations

You are immune to sickness and miasma.
Your stone body is resilient. (AC +4)
You are immune to poison.
You resist negative energy. (rN+)
You are resistant to electric shocks. (rElec)
You are resistant to unholy torment.
You are immune to petrification.


   Skills:
 - Level 4.4 Fighting
 + Level 7.3 Ranged Weapons
 - Level 1.0 Armour
 - Level 1.5 Dodging
 - Level 1.1 Stealth


You had 6 spell levels left.
You didn't know any spells.
Your spell library was empty.

Inventory:

Hand Weapons
 Y - a +1 shortbow (weapon)
Armour
 j - a +0 ring mail (worn)
Jewellery
 e - a +4 ring of protection
 g - a ring of protection from cold (left hand)
Scrolls
 a - a scroll of identify
Potions
 b - a potion of heal wounds {unknown}
 c - a potion of resistance
 d - a potion of attraction {unknown}
 h - a potion of haste {unknown}

Dungeon Overview and Level Annotations

Branches:
Dungeon (4/15)
 Temple: D:4-7

Altars:
Elyvilon
Fedhas
Makhleb
Xom
Yredelemnul


Message History

The arrow hits the phantom but does no damage.
The phantom is severely damaged.
The phantom hits you but does no damage.
You shoot an arrow. The arrow hits the phantom.
The phantom is severely damaged.
The phantom hits you.
The phantom hits you but does no damage.
You shoot an arrow.
The arrow hits the phantom but does no damage.
The phantom is severely damaged.
The phantom barely misses you.
You shoot an arrow. The arrow hits the phantom!
The phantom is almost destroyed.
The phantom closely misses you.
You shoot an arrow. The arrow misses the phantom.
The phantom hits you.
You shoot an arrow. The arrow barely misses the phantom.
A steam dragon comes into view.
The phantom closely misses you.
You shoot an arrow. The arrow hits the phantom.
You destroy the phantom!
You have reached level 7!
You shoot an arrow. The arrow hits the steam dragon.
The steam dragon is lightly wounded.
You shoot an arrow. The arrow hits the steam dragon!
The steam dragon is moderately wounded.
You shoot an arrow.
The arrow hits the steam dragon but does no damage.
The steam dragon is moderately wounded.
You shoot an arrow. The arrow hits the steam dragon.
The steam dragon is moderately wounded.
You shoot an arrow. The arrow hits the steam dragon.
The steam dragon is heavily wounded.
The steam dragon misses you. The steam dragon barely misses you.
You shoot an arrow.
The arrow barely misses the steam dragon.
The steam dragon breathes steam at you. The ball of steam hits you!!
Ouch! That really hurt!
You die...

.. # ###
#. #. #..
..
.##.##.##
....~..#
...~.~##
#.~_~~.##
#@D~~~...
#.~......
###
##..##...
... ..## .
#.##.#
#....# .
#..#
#.###..#
#......###


You could see a steam dragon (catching breath).

Vanquished Creatures
  An ogre (D:4)
  2 phantoms (D:6)
  An orc priest (D:4)
  An iguana (D:4)
  2 orc wizards (D:4)
  4 adders
  A worm (D:2)
  A dart slug (D:2)
  7 orcs
  4 ball pythons
  3 bats
  10 endoplasms
  3 giant cockroaches
  9 goblins
  8 hobgoblins
  8 jackals (D:3)
  A frilled lizard (D:3)
  5 kobolds
  7 rats
78 creatures vanquished.

Vanquished Creatures (others)
  An orc wizard (D:4)
1 creature vanquished.

Grand Total: 79 creatures vanquished

Notes
Turn   | Place    | Note
-------+----------+-------------------------------------------
     0 | D:1      | qw the Gargoyle Hunter began the quest for the Orb.
     0 | D:1      | Reached XP level 1. HP: 12/12 MP: 1/1
     0 | D:1      | 0 ||| qw: Version: 0.2-a-29-g1fa15c8
     0 | D:1      | 0 ||| qw: Game counter: 4908
     0 | D:1      | 0 ||| qw: Always use a shield: true
     0 | D:1      | 0 ||| qw: God list: Okawaru
     0 | D:1      | 0 ||| qw: Allow faded altars: false
     0 | D:1      | 0 ||| qw: Do Orc after D:15 true
     0 | D:1      | 0 ||| qw: Do second Lair branch before Depths: true
     0 | D:1      | 0 ||| qw: Lair rune preference: random
     0 | D:1      | 0 ||| qw: Plans: Normal, Zot:1-4, Slime:5, God:TSO, Crypt,
                  | Tomb, Abyss, Pan, Hells, Win
     0 | D:1      | 0 ||| PLANNING D:1-11
   119 | D:1      | Reached XP level 2. HP: 12/17 MP: 2/2
   775 | D:1      | 775 ||| UPGRADING to +0 ring mail.
   785 | D:1      | 785 ||| DROPPING +0 leather armour.
   786 | D:1      | 786 ||| READING scroll labelled SOEKLI SARO.
   787 | D:1      | 787 ||| READING scroll labelled QUYRGH WEGUMECAI.
   788 | D:1      | 788 ||| READING scroll labelled COUTES NEDESI.
   789 | D:1      | 789 ||| DROPPING scroll of butterflies.
   982 | D:2      | Reached skill level 1 in Armour
   982 | D:2      | Reached XP level 3. HP: 21/21 MP: 3/3
   999 | D:2      | Reached skill level 5 in Ranged Weapons
  1343 | D:2      | Found a shimmering altar of Xom.
  1385 | D:2      | Reached XP level 4. HP: 27/27 MP: 4/4
  1502 | D:2      | Reached skill level 3 in Fighting
  1713 | D:2      | Found a faded altar of an unknown god.
  1714 | D:2      | 1714 ||| UPGRADING to ring of protection from cold.
  1715 | D:2      | 1715 ||| READING 4 scrolls labelled MONAIBRE WIDO.
  1716 | D:2      | 1716 ||| READING scroll labelled MIEM HUPSUY.
  1717 | D:2      | 1717 ||| READING scroll labelled LAOKHL DARCHEFO.
  1737 | D:2      | 1737 ||| DRINKING 2 viscous yellow potions.
  1738 | D:2      | 1738 ||| DRINKING 2 emerald potions.
  1739 | D:2      | 1739 ||| READING 3 scrolls of identify.
  1739 | D:2      | 1739 ||| IDENTIFYING white potion
  1740 | D:2      | 1740 ||| READING 2 scrolls of identify.
  1740 | D:2      | 1740 ||| IDENTIFYING clear potion
  1741 | D:2      | 1741 ||| DROPPING potion of invisibility.
  1742 | D:2      | 1742 ||| DROPPING potion of degeneration.
  1743 | D:2      | 1743 ||| DROPPING potion of enlightenment.
  2450 | D:3      | 2450 ||| READING scroll labelled ROSEVOI TEDETH.
  2453 | D:3      | 2453 ||| READING 2 scrolls of identify.
  2453 | D:3      | 2453 ||| IDENTIFYING fizzy golden potion
  2605 | D:4      | Reached XP level 5. HP: 30/32 MP: 5/5
  2668 | D:4      | Reached skill level 6 in Ranged Weapons
  2762 | D:4      | Found a burning altar of Makhleb.
  2789 | D:4      | Noticed an ogre
  2796 | D:4      | HP: 2/32 [ogre/+0 giant club (21)]
  2798 | D:4      | Killed an ogre
  2799 | D:4      | Reached XP level 6. HP: 4/39 MP: 6/6
  2968 | D:4      | Found a basalt altar of Yredelemnul.
  3015 | D:4      | 3015 ||| FLEEEEING.
  3016 | D:4      | 3016 ||| FLEEEEING.
  3031 | D:4      | 3031 ||| Stepping ~*~*~tactically~*~*~ (outnumbered).
  3032 | D:4      | 3032 ||| DRINKING 2 potions of curing.
  3032 | D:4      | 3032 ||| (to cure confusion)
  3035 | D:4      | 3035 ||| DRINKING potion of curing.
  3035 | D:4      | 3035 ||| (to cure confusion)
  3070 | D:4      | HP: 9/39 [something (4)]
  3217 | D:4      | Found a white marble altar of Elyvilon.
  3304 | D:4      | You fall into a shaft and drop 2 floors!
  3385 | D:6      | Found a blossoming altar of Fedhas.
  3406 | D:6      | Reached skill level 7 in Ranged Weapons
  3417 | D:6      | Noticed a steam dragon
  3419 | D:6      | Reached XP level 7. HP: 19/44 MP: 7/7
  3424 | D:6      | Killed from afar by a steam dragon

Levels and vault maps discovered:
D:1:      minmay_arrival_pointy, layout_basic, minmay_misc_feat_four_crosses,
          minmay_box_of_dots
D:2:      layout_loops_corners, shapermc_ecumenical_altar_acropolis,
          basic_altar, minmay_pentomino_p4
D:3:      layout_basic
D:4:      layout_basic, kennysheep_ying_yang, slow_altar_2,
          mainiacjoe_overflow_alcove_4
D:6:      layout_loops_cross, fedhas_altar_2, pdpol_wu_jian_five_deadly_venoms

Skill      XL: |  1  2  3  4  5  6 |
---------------+-------------------+-----
Armour         | 1 |  1.0
Ranged Weapons | 5 6 7 |  7.3
Fighting       | 3 4 |  4.4
Dodging        | |  1.5
Stealth        | |  1.1

Action                     |  1- 3 |  4- 6 |  7- 9 || total
---------------------------+-------+-------+-------++-------
   Fire: Shortbow          |   110 |   209 |     6 ||   325
    Use: Scroll            |     3 |     7 |       ||    10
         Potion            |       |     4 |       ||     4
 Armour: Leather armour    |     2 |       |       ||     2
         Ring mail         |    20 |    63 |       ||    83
  Dodge: Dodged            |    45 |    50 |     2 ||    97

Table legend:
 A = Non-vault XP
 B = Vault XP
 C = Vault XP percentage of total XP
 D = Non-vault monster count
 E = Vault monster count
 F = Vault count percentage of total count
                 A         B        C        D         E       F
            +---------+---------+-------+---------+---------+-------
      Total |     668 |      13 |   1.9 |      72 |       7 |   8.9
            +---------+---------+-------+---------+---------+-------
        D:1 |      17 |       8 |  32.0 |      10 |       4 |  28.6
        D:2 |      56 |       5 |   8.2 |      21 |       3 |  12.5
        D:3 |      33 |       0 |   0.0 |      19 |       0 |   0.0
        D:4 |     343 |       0 |   0.0 |      17 |       0 |   0.0
        D:6 |     219 |       0 |   0.0 |       5 |       0 |   0.0
            +---------+---------+-------+---------+---------+-------
